 Dungeon Crawl Stone Soup version 0.27-a0-1090-gb115f176c6 (webtiles) character file.

Game seed: 16530388863421781231

113232 dolemite99 the Severer (level 16, 0/152 HPs)
             Began as a Minotaur Fighter on Apr 28, 2021.
             Was a High Priest of Lugonu.
             Slain by a naga warrior
             ... wielding a +0 flail
              (7 damage)
             ... on level 1 of the Snake Pit.
             The game lasted 00:52:07 (45445 turns).

dolemite99 the Severer (Minotaur Fighter)          Turns: 45445, Time: 00:52:07

Health: 0/152      AC: 24    Str: 30    XL:     16   Next: 13%
Magic:  0/25       EV:  6    Int:  8    God:    Lugonu [*****.]
Gold:   1769       SH:  0    Dex: 17    Spells: 15/15 levels left

rFire    + . .     SeeInvis .   b - +4 arbalest (vorpal)
rCold    + + +     Faith    .   (shield currently unavailable)
rNeg     . . .     Spirit   +   e - +5 chain mail {rC+}
rPois    .         Reflect  .   K - +2 hat
rElec    .         Harm     .   G - scarf {rC+ rF+}
rCorr    .         Rampage  .   l - +2 pair of gloves
Will     +....                  (no boots)
Stlth    ..........             F - amulet of guardian spirit
HPRegen  0.35/turn              h - ring of protection from cold
MPRegen  0.19/turn              c - ring of Relativism {Str+4 Int+2 Dex+6, =R}

@: about to teleport, constricted
A: horns 2, retaliatory headbutt
a: Renounce Religion, Depart the Abyss, Bend Space, Banish, Corrupt, Enter the
Abyss


You were on level 1 of the Snake Pit.
You worshipped Lugonu.
Lugonu was extremely pleased with you.
You visited 4 branches of the dungeon, and saw 24 of its levels.
You also visited: Bailey and Ice Cave.

You collected 3810 gold pieces.
You spent 2041 gold pieces at shops.

Inventory:

Hand Weapons
 a - a +1 battleaxe of freezing
 b - a +4 vorpal arbalest (weapon)
 o - the +4 mace of Keuci {speed, rN+++ Will+ rCorr Stlth-}
   (You found it on level 1 of the Snake Pit)

   Attacks with this weapon are significantly faster.
   It renders you almost immune to negative energy.
   It protects you from acid and corrosion.
   It increases your willpower.
   It makes you less stealthy.
 C - a +0 battleaxe
 J - the +10 hunting sling "Igisheet" {vorpal, rElec Int-2 SInv}
   (You found it on level 12 of the Dungeon)

   Any stone fired from it inflicts extra damage.
   It affects your intelligence (-2).
   It insulates you from electricity.
   It lets you see invisible.
 T - a +3 war axe of freezing
Missiles
 j - 9 curare-tipped darts
 m - 491 bolts (quivered ammo)
 z - a throwing net
 L - 7 atropa-tipped darts
 Q - 7 boomerangs of dispersal
Armour
 e - a +5 chain mail of cold resistance (worn)
 l - a +2 pair of gloves (worn)
 G - a scarf of resistance (worn)
 K - a +2 hat (worn)
Jewellery
 c - the ring of Relativism (right hand) {Str+4 Int+2 Dex+6, =R}
   (You found it in an ice cave)

   [ring of dexterity]

   It affects your strength (+4).
   It affects your intelligence (+2).
   It affects your dexterity (+6).
 d - a ring of see invisible
 h - a ring of protection from cold (left hand)
 F - an amulet of guardian spirit (around neck)
 P - a ring of willpower
 S - a ring of resist corrosion
 W - a ring of protection from cold
Wands
 E - a wand of mindburst (16)
 I - a wand of polymorph (34)
 N - a wand of charming (8)
 R - a wand of flame (62)
Scrolls
 k - 8 scrolls of teleportation
 u - a scroll of enchant armour
 A - 8 scrolls of identify {@r1}
 O - a scroll of holy word
 X - 3 scrolls of magic mapping
Potions
 f - 2 potions of magic
 g - 2 potions of lignification
 i - 2 potions of attraction
 n - 3 potions of cancellation
 q - 5 potions of haste
 s - 2 potions of resistance
 t - 13 potions of curing
 w - 2 potions of ambrosia
 H - 7 potions of brilliance
 M - 2 potions of flight
 U - 4 potions of invisibility
 V - 2 potions of might
 Y - a potion of berserk rage
Miscellaneous
 r - a phantom mirror (inert)
 B - a box of beasts (inert)


   Skills:
 - Level 16.3 Fighting
 + Level 18.7 Axes
 - Level 14.7 Crossbows
 - Level 3.0 Throwing
 - Level 15.1 Armour
 - Level 3.6 Shields
 - Level 13.4 Invocations
 - Level 2.6 Evocations


You had 15 spell levels left.
You didn't know any spells.
Your spell library contained the following spells:

 Spells                   Type           Power      Damage    Failure   Level
 Beastly Appendage        Tmut           0%         N/A       80%         1
 Magic Dart               Conj           0%         1d3       80%         1
 Summon Small Mammal      Summ           0%         N/A       80%         1
 Blink                    Tloc           N/A        N/A       91%         2
 Call Imp                 Summ           0%         N/A       91%         2
 Poisonous Vapours        Pois/Air       0%         N/A       91%         2
 Searing Ray              Conj           0%         3d3       91%         2
 Slow                     Hex            0%         N/A       91%         2
 Wereblood                Tmut           0%         N/A       91%         2
 Confusing Touch          Hex            0%         N/A       99%         3
 Conjure Flame            Conj/Fire      0%         6-21      99%         3
 Dazzling Flash           Conj/Hex       0%         N/A       99%         3
 Gell's Gravitas          Tloc           0%         N/A       99%         3
 Mephitic Cloud           Conj/Pois/Air  0%         N/A       99%         3
 Ozocubu's Armour         Ice            0%         N/A       99%         3
 Spider Form              Tmut/Pois      0%         N/A       99%         3
 Fulminant Prism          Conj/Hex       0%         3d6       100%        4
 Ice Form                 Ice/Tmut       0%         N/A       100%        4
 Iskenderun's Mystic Bla  Conj/Tloc      0%         2d3       100%        4
 Petrify                  Tmut/Erth      0%         N/A       100%        4
 Bolt of Magma            Conj/Fire/Erth 0%         4d4       100%        5
 Hydra Form               Tmut           0%         N/A       100%        5
 Iskenderun's Battlesphe  Conj           0%         2d6       100%        5
 Metabolic Englaciation   Hex/Ice        0%         N/A       100%        5
 Summon Forest            Summ/Tloc      0%         N/A       100%        5
 Yara's Violent Unravell  Hex/Tmut       0%         3d3       100%        5
 Freezing Cloud           Conj/Ice/Air   0%         6-21      100%        6
 Iron Shot                Conj/Erth      0%         9d1       100%        6
 Simulacrum               Ice/Necr       0%         N/A       100%        6
 Orb of Destruction       Conj           0%         N/A       100%        7
 Spellforged Servitor     Conj/Summ      0%         N/A       100%        7
 Disjunction              Tloc           0%         N/A       100%        8
 Ignition                 Fire           0%         3d3       100%        8


Dungeon Overview and Level Annotations

Branches:
Dungeon (15/15)            Temple (0/1) D:4            Lair (6/6) D:11
 Shoals (0/4) Lair:3        Snake (1/4) Lair:4        Slime (0/5) Lair:5
    Orc (2/2) D:9             Elf (0/3) Orc:2        Vaults (0/5) D:14
 Depths (0/5) D:15         Bailey (visited)           IceCv (visited)

Altars:
Ashenzari
Dithmenos
Elyvilon
Fedhas
Gozag
Hepliaklqana
Kikubaaqudgha
Makhleb
Nemelex Xobeh
Okawaru
Vehumet
Zin
The Shining One
Lugonu

Shops:
D:14 *   D:15 *   Orc:2 *!([(

Annotations:
D:9 2 transporters, DonatoSpire's ghost, novice MiBe
D:12 corrupted
D:15 corrupted
Lair:4 exclusion: downstairs
Abyss:1 Joseph; Nergalle; Snorg


Innate Abilities, Weirdness & Mutations

You have a pair of horns on your head.
You reflexively headbutt those who attack you in melee.


Message History

The naga sharpshooter magically shoots an arrow.
The arrow hits you but does no damage.
The naga sharpshooter gestures wildly while chanting.
The naga sharpshooter magically shoots an arrow.
The arrow closely misses you.
Fire: 494 bolts
Press: ? - help, Q - select action, (/) - cycle Shift-Dir - straight line, f/p - naga sharpshooter
Aim: a naga sharpshooter, wielding a +0 shortbow and quivering arrows (severely wounded, 75% to hit)
You shoot a bolt. The naga warrior blocks the bolt.
Fire: 493 bolts
Press: ? - help, Q - select action, (/) - cycle Shift-Dir - straight line, f/p - naga sharpshooter
Aim: a naga sharpshooter, wielding a +0 shortbow and quivering arrows (severely wounded, 75% to hit)
You shoot a bolt. The bolt hits the naga warrior.
The naga warrior is lightly wounded.
The salamander no longer looks unusually strong.
The naga warrior roars a battlecry!
The nagas go into a battle-frenzy!
The salamander hits you from afar with a +0 halberd.
You are engulfed in flames.
You resist.
Fire: 492 bolts
Press: ? - help, Q - select action, (/) - cycle Shift-Dir - straight line, f/p - naga sharpshooter
Aim: a naga sharpshooter, wielding a +0 shortbow and quivering arrows (severely wounded, strong, 75% to hit)
You shoot a bolt. The bolt hits the naga warrior!
The naga warrior is moderately wounded.
The salamander hits you from afar with a +0 halberd.
You are engulfed in flames.
You resist.
The naga warrior hits you with a +0 flail!!
* * * LOW HITPOINT WARNING * * *
The naga warrior grabs you. The naga warrior constricts you.
The naga warrior barely misses you. You furiously retaliate!
You headbutt the naga warrior. The naga warrior constricts you.
The salamander barely misses you.
As you read the scroll of teleportation, it crumbles to dust.
You feel strangely unstable.
The salamander hits you from afar with a +0 halberd!
* * * LOW HITPOINT WARNING * * *
You are engulfed in flames!
You resist.
* * * LOW HITPOINT WARNING * * *
The naga warrior hits you with a +0 flail!
You die...

#############
............#######
.....######.......#############.
####.## #######............(((
#..###############..........(
..###...........@NN(N.####..NN..
.......################ .....
..........######### ....
...##.............. ... ...
#####...###### .. #.
..........######. ( #
.####............ .##
####.###..### ..## ##.......#


You could see a naga warrior (fast), a naga sharpshooter (strong) and a
salamander (fast, strong).

Vanquished Creatures
  Kirke (Lair:5)
  Agnes (D:15)
  A frost giant (IceCv)
  Nessos (Lair:5)
  2 fire dragons
  11 hydras
  4 boulder beetles
  2 two-headed ogres
  7 centaur warriors
  An anaconda (Snake:1)
  A tengu warrior (D:15)
  A death knight (D:14)
  2 death yaks (IceCv)
  Urug (D:12)
  A shock serpent (Snake:1)
  A skeletal warrior (D:14)
  2 sea snakes (Snake:1)
  A swamp dragon (Lair:6)
  2 orc knights (Orc:2)
  A deep elf archer (D:14)
  An ugly thing (D:13)
  A salamander (Snake:1)
  3 deep elf pyromancers
  2 orc sorcerers
  4 deep elf zephyrmancers
  3 manticores
  3 cyclopes
  16 elephants
  An ice statue (IceCv)
  15 cane toads
  10 black mambas
  A gargoyle (D:11)
  A naga mage (Snake:1)
  An efreet (D:13)
  5 rime drakes
  14 komodo dragons
  2 unseen horrors (D:12)
  4 yaktaurs (D:14)
  8 trolls
  25 polar bears
  A dream sheep (Lair:6)
  14 blink frogs
  2 raiju (Lair:6)
  3 shadows
  A hog (Lair:5)
  A vampire (D:10)
  6 wraiths
  58 yaks
  4 wyverns
  7 vampire mosquitoes
  10 basilisks
  2 steam dragons (Lair:6)
  7 wargs
  2 nagas (Snake:1)
  4 acid dragons
  13 hell hounds (Lair:6)
  25 water moccasins
  24 orc warriors
  2 swamp drakes (Lair:6)
  A necrophage (D:7)
  14 black bears
  A sky beast (D:7)
  43 wolves
  5 ogres
  27 centaurs
  3 ice beasts
  Blork the orc (D:5)
  3 kobold brigands
  16 bullfrogs
  A gnoll sergeant (D:10)
  2 scorpions
  A killer bee (D:10)
  13 wights
  3 electric eels
  3 bullfrog zombies
  10 centaur zombies
  6 centaur skeletons
  7 orc priests
  2 hounds (D:7)
  18 jellies
  Terence (D:2)
  An iguana (D:6)
  19 orc wizards
  6 hell rats (Lair:4)
  2 howler monkey zombies
  Robin (D:2)
  4 adders
  12 gnolls
  A howler monkey skeleton (D:4)
  2 white imps
  An ufetubus (D:5)
  A worm (D:2)
  A dart slug (D:4)
  56 orcs
  8 ball pythons
  9 endoplasms
  4 giant cockroaches
  23 goblins
  11 hobgoblins
  3 jackals
  6 bats
  2 frilled lizards
  21 kobolds
  3 rats
728 creatures vanquished.

Vanquished Creatures (others)
  Jorgrun (D:15)
  A dire elephant (D:15)
  3 hydras (D:12)
  3 boulder beetles (D:12)
  A death knight (D:12)
  A centaur warrior (D:15)
  A tengu warrior (D:15)
  6 skeletal warriors
  A phantasmal warrior (D:12)
  A wizard (D:12)
  A deep elf zephyrmancer (D:12)
  An orc knight (D:12)
  2 cyclopes (D:12)
  2 ugly things
  A wolf spider (D:15)
  5 manticores
  A gargoyle (D:12)
  An efreet (D:12)
  A kobold demonologist (D:12)
  A tengu conjurer (D:15)
  A troll (D:12)
  2 polar bears (IceCv)
  A slime creature (D:12)
  A wraith (D:12)
  2 shadows (D:12)
  A yak (IceCv)
  A spriggan (shapeshifter) (D:15)
  5 humans (Lair:5)
  A vampire mosquito (D:12)
  3 orc warriors (Bailey)
  A wolf (IceCv)
  An orc wizard (D:12)
  2 gnolls (Bailey)
  4 orcs (Bailey)
  3 goblins (Bailey)
  13 kobolds (Bailey)
  57 fungi
  106 plants
  11 starspawn tentacles
251 creatures vanquished.

Grand Total: 979 creatures vanquished

Notes
Turn   | Place    | Note
-------+----------+-------------------------------------------
     0 | D:1      | dolemite99 the Minotaur Fighter began the quest for the
                  | Orb.
     0 | D:1      | Reached XP level 1. HP: 19/19 MP: 0/0
    88 | D:1      | Reached skill level 3 in Axes
   274 | D:1      | Reached XP level 2. HP: 20/26 MP: 1/1
   390 | D:1      | Found a faded altar of an unknown god.
   396 | D:1      | Became a worshipper of Lugonu the Unformed
   396 | D:1      | Reached * piety under Lugonu
   396 | D:1      | Reached ** piety under Lugonu
   880 | D:2      | Reached skill level 4 in Axes
   971 | D:2      | Reached XP level 3. HP: 31/31 MP: 2/2
  1465 | D:2      | Reached skill level 5 in Axes
  1662 | D:2      | Reached XP level 4. HP: 34/39 MP: 3/3
  1739 | D:2      | Reached *** piety under Lugonu
  2221 | D:2      | Noticed Robin
  2244 | D:2      | Reached skill level 6 in Axes
  2263 | D:2      | Killed Robin
  2723 | D:2      | Noticed Terence
  2734 | D:2      | Killed Terence
  2735 | D:2      | Reached XP level 5. HP: 15/45 MP: 4/4
  3101 | D:3      | Noticed an ice beast
  3112 | D:3      | Killed an ice beast
  3113 | D:3      | Reached skill level 7 in Axes
  3208 | D:3      | Found a burning altar of Makhleb.
  3562 | D:3      | Found a radiant altar of Vehumet.
  3757 | D:4      | Reached XP level 6. HP: 49/51 MP: 5/5
  3821 | D:4      | Found a hazy altar of Hepliaklqana.
  3822 | D:4      | Found a shadowy altar of Dithmenos.
  3822 | D:4      | Noticed a shadow
  3843 | D:4      | Reached skill level 8 in Axes
  4224 | D:4      | Found a white marble altar of Elyvilon.
  4224 | D:4      | Found an iron altar of Okawaru.
  4369 | D:4      | Found a staircase to the Ecumenical Temple.
  4401 | D:4      | Reached **** piety under Lugonu
  4402 | D:4      | Reached skill level 9 in Axes
  4419 | D:4      | Reached XP level 7. HP: 24/57 MP: 6/6
  4861 | D:5      | Entered Level 5 of the Dungeon
  4993 | D:5      | Found a sparkling altar of Nemelex Xobeh.
  4993 | D:5      | Found an opulent altar of Gozag.
  5101 | D:5      | Noticed Blork the orc
  5121 | D:5      | Killed Blork the orc
  5645 | D:5      | Found a glowing golden altar of the Shining One.
  6080 | D:6      | Reached skill level 5 in Invocations
  6080 | D:6      | Reached XP level 8. HP: 63/64 MP: 5/11
  7833 | D:7      | Found a flagged portal.
  7851 | Bailey   | Entered a bailey
  7925 | Bailey   | Reached skill level 5 in Fighting
  7925 | Bailey   | Reached XP level 9. HP: 72/74 MP: 14/14
  8200 | Bailey   | Corrupted Bailey
  8200 | Bailey   | Noticed a large abomination
  8200 | Bailey   | Noticed an apocalypse crab
  8200 | Bailey   | Noticed an efreet
  8200 | Bailey   | Noticed a freezing wraith
  8200 | Bailey   | Noticed a smoke demon
  8201 | Bailey   | Noticed a tentacled starspawn
  8202 | Bailey   | Noticed a bone dragon
  8238 | Bailey   | Noticed a starcursed mass
  8297 | Bailey   | Noticed a smoke demon
  8713 | D:7      | Reached skill level 5 in Armour
  8882 | D:7      | Reached skill level 1 in Throwing
  8902 | D:7      | Found a broken altar of Ashenzari.
  8906 | D:7      | Saw a vision of the Shoals and the Snake Pit.
  8906 | D:7      | Noticed a sea snake
  8906 | D:7      | Noticed a merfolk
  8906 | D:7      | Noticed a merfolk
  8906 | D:7      | Noticed an anaconda
  8906 | D:7      | Noticed a shock serpent
  8906 | D:7      | Noticed a naga mage
  8906 | D:7      | Noticed a mana viper
  8906 | D:7      | Noticed a black mamba
  8907 | D:7      | Noticed a sea snake
  8907 | D:7      | Noticed a nagaraja
  8907 | D:7      | Noticed a sea snake
  8907 | D:7      | Noticed a salamander
  9126 | D:8      | Reached skill level 1 in Evocations
  9589 | D:8      | Reached skill level 1 in Crossbows
 10045 | D:8      | Found an ancient bone altar of Kikubaaqudgha.
 10169 | D:9      | Noticed a queen bee
 10170 | D:9      | Noticed DonatoSpire's ghost (novice MiBe)
 10171 | D:9      | Found a transporter.
 10174 | D:9      | Found a transporter.
 10177 | D:9      | Noticed a two-headed ogre
 10181 | D:9      | Banished a two-headed ogre
 10317 | D:9      | Reached XP level 10. HP: 68/80 MP: 15/15
 10426 | D:9      | Reached skill level 10 in Crossbows
 11130 | D:9      | Found a blossoming altar of Fedhas.
 11508 | D:9      | Found a staircase to the Orcish Mines.
 11851 | D:9      | Noticed Joseph
 11865 | D:9      | Banished Joseph
 12701 | D:9      | Identified a scroll of acquirement
 12701 | D:9      | Acquired 1093 gold pieces
 12744 | D:10     | Entered Level 10 of the Dungeon
 13085 | D:10     | Found Zin's Purification Station.
 13088 | D:10     | Found a glowing silver altar of Zin.
 13091 | D:10     | Bought a potion of curing for 90 gold pieces
 13133 | D:10     | Reached skill level 10 in Axes
 13928 | D:11     | Noticed a two-headed ogre
 13933 | D:11     | Banished a two-headed ogre
 13934 | D:11     | Reached XP level 11. HP: 41/92 MP: 8/17
 14595 | D:11     | Noticed a two-headed ogre
 14605 | D:11     | Banished a two-headed ogre
 14606 | D:11     | Reached skill level 11 in Axes
 15087 | D:11     | Found an ancient bone altar of Kikubaaqudgha.
 15372 | D:11     | Reached skill level 12 in Axes
 16250 | D:11     | Found a staircase to the Lair.
 16436 | D:11     | Noticed a red ugly thing
 16451 | D:11     | Banished a red ugly thing
 16452 | D:11     | Reached skill level 13 in Axes
 17039 | Lair:1   | Entered Level 1 of the Lair of Beasts
 17775 | Lair:1   | Reached skill level 14 in Axes
 18901 | Lair:1   | Reached skill level 10 in Fighting
 18916 | Lair:1   | Reached XP level 12. HP: 78/107 MP: 16/18
 19560 | Lair:1   | Noticed Nergalle
 19562 | Lair:1   | Banished Nergalle
 20392 | Lair:2   | Noticed a six-headed hydra
 20423 | Lair:2   | Banished a six-headed hydra
 20809 | Lair:2   | Noticed a boulder beetle
 20815 | Lair:2   | Banished a boulder beetle
 21491 | Lair:3   | Found a staircase to the Shoals.
 22294 | Lair:3   | Noticed a boulder beetle
 22305 | Lair:3   | Banished a boulder beetle
 23953 | Lair:4   | Found a staircase to the Snake Pit.
 24023 | Lair:4   | Reached XP level 13. HP: 125/125 MP: 19/19
 24294 | Lair:4   | Reached skill level 10 in Invocations
 25526 | Lair:5   | Noticed Kirke
 26088 | Lair:5   | Reached skill level 10 in Armour
 26269 | Lair:5   | Reached ***** piety under Lugonu
 26585 | Lair:5   | Found a staircase to the Slime Pits.
 26692 | Lair:5   | Killed Kirke
 27150 | Lair:5   | Noticed Nessos
 27154 | Lair:5   | Killed Nessos
 27894 | Lair:6   | Entered Level 6 of the Lair of Beasts
 27894 | Lair:6   | Noticed Snorg
 27897 | Lair:5   | Banished Snorg
 27898 | Lair:5   | Reached XP level 14. HP: 130/133 MP: 17/22
 31399 | Lair:6   | Reached skill level 15 in Fighting
 31716 | Lair:6   | Identified the +0 halberd of the Crushed Priests {vamp,
                  | *Noise rElec rCorr Str-4}
 32182 | Orc:1    | Entered Level 1 of the Orcish Mines
 32269 | Orc:2    | Entered Level 2 of the Orcish Mines
 32275 | Orc:2    | Paralysed by an orc sorcerer for 3 turns
 34098 | Orc:2    | Found Lum View's Weapon Boutique.
 34555 | Orc:2    | Bought a +0 battleaxe of freezing for 150 gold pieces
 35854 | Orc:2    | Found a staircase to the Elven Halls.
 35915 | Orc:2    | Found Keleisk's Distillery.
 35915 | Orc:2    | Found Atzossol's Antique Weapon Boutique.
 35917 | Orc:2    | Found Olaomm Gess's Armour Shop.
 35919 | Orc:2    | Found Larusud's Assorted Antiques.
 36109 | Orc:2    | Bought a potion of resistance for 140 gold pieces
 36118 | Orc:2    | Bought a scarf of resistance for 480 gold pieces
 36128 | Orc:2    | Bought a potion of might for 56 gold pieces
 36128 | Orc:2    | Bought a potion of curing for 42 gold pieces
 36128 | Orc:2    | Bought a potion of curing for 42 gold pieces
 36128 | Orc:2    | Bought a potion of curing for 42 gold pieces
 36128 | Orc:2    | Bought a potion of curing for 42 gold pieces
 36128 | Orc:2    | Bought a potion of curing for 42 gold pieces
 36128 | Orc:2    | Bought a potion of flight for 42 gold pieces
 36131 | Orc:2    | Bought a potion of curing for 90 gold pieces
 36131 | Orc:2    | Bought a potion of curing for 90 gold pieces
 36131 | Orc:2    | Bought a potion of curing for 90 gold pieces
 36131 | Orc:2    | Bought 2 potions of curing for 180 gold pieces
 36131 | Orc:2    | Bought a scroll of identify for 60 gold pieces
 36342 | D:12     | Noticed Urug
 36347 | D:12     | Killed Urug
 36429 | D:12     | Identified the +10 hunting sling "Igisheet" {vorpal, rElec
                  | Int-2 SInv}
 36474 | D:12     | Reached XP level 15. HP: 129/142 MP: 21/24
 36583 | D:12     | Reached skill level 15 in Armour
 36741 | D:12     | Corrupted D:12
 36741 | D:12     | Noticed a tentacled starspawn
 37383 | D:12     | Found a shadowy altar of Dithmenos.
 38257 | D:13     | Found a frozen archway.
 38266 | IceCv    | Entered an ice cave
 38649 | IceCv    | Identified Xestrotz's Thorough Guide to Spellweaving
 38663 | IceCv    | Reached skill level 15 in Axes
 39162 | IceCv    | Noticed a frost giant
 39179 | IceCv    | Killed a frost giant
 39198 | IceCv    | Reached skill level 16 in Axes
 39400 | IceCv    | Identified Ziet's Collected Works on Glacial Companions
 39430 | IceCv    | Identified the ring of Relativism {Str+4 Int+2 Dex+6}
 41268 | D:14     | Reached skill level 17 in Axes
 41425 | D:14     | Found Deosirph's General Store.
 41433 | D:14     | Bought a potion of invisibility for 112 gold pieces
 41435 | D:14     | Bought a potion of might for 56 gold pieces
 41665 | D:14     | HP: 5/145 [yaktaur/bolt (19)]
 42915 | D:14     | Found a gate to the Vaults.
 43113 | D:15     | Entered Level 15 of the Dungeon
 43183 | D:15     | Noticed Jorgrun
 43210 | D:15     | Corrupted D:15
 43210 | D:15     | Noticed a tentacled starspawn
 43245 | D:15     | Killed Jorgrun
 43246 | D:15     | Reached skill level 18 in Axes
 43259 | D:15     | Found Wituc's General Store.
 43510 | D:15     | Bought a scroll of magic mapping for 59 gold pieces
 43510 | D:15     | Bought a potion of magic for 136 gold pieces
 43634 | D:15     | Found a staircase to the Depths.
 43661 | D:15     | Reached XP level 16. HP: 149/152 MP: 25/25
 43791 | D:15     | Noticed Agnes
 43804 | D:15     | Killed Agnes
 44719 | Snake:1  | Entered Level 1 of the Snake Pit
 45373 | Snake:1  | Identified the +4 mace of Keuci {speed, rN+++ Will+ rCorr
                  | Stlth-}
 45445 | Snake:1  | HP: 7/152 [salamander/+0 halberd (7)]
 45445 | Snake:1  | Slain by a naga warrior

Illustrated notes

Levels and vault maps discovered:
D:1:      minmay_arrival_jagged, layout_basic,
          hellmonk_ecumenical_altar_crossroads, minmay_surrounded
D:2:      minmay_chambers_of_twos, layout_basic, cheibrodos_gnoll_hut,
          uniq_terence, uniq_robin
D:3:      layout_loops_ring, lemuel_doored_altar, bloody_makhleb,
          serial_bayou_lake_a
D:4:      layout_rooms, riverfiend_overflow_shadow_ancestor,
          gammafunk_temple_overflow_elements, minmay_temple_entry_fiery
D:5:      layout_basic, grunt_temple_overflow_opulence, tso_oasis_becter,
          abandoned_shop, kennysheep_generic_room_14, uniq_blork_the_orc
D:6:      layout_layer_cave, minmay_manual_mares
D:7:      layout_rooms, grunt_ashenzari_visionary
          [grunt_ashenzari_visionary_shoals, grunt_ashenzari_visionary_snake],
          enter_bailey_3, enter_ossuary_2
D:8:      layout_basic, kennysheep_mini_moat, hex_large
D:9:      layout_basic, nicolae_overflow_crystal_walls, david_orc_4,
          gammafunk_ghost_hive, kennysheep_generic_room_9, uniq_joseph
D:10:     layout_stronghold, zin_purify, kennysheep_generic_room_5
D:11:     layout_irregular_city, erik_lair_dragon, kiku_gazebo_pond_becter
D:12:     minmay_the_grid_3x3 [minmay_the_grid_large_cup, minmay_the_grid_tree,
          minmay_the_grid_tri_star, minmay_the_grid_zigzag_pyramid,
          minmay_the_grid_spin_star, minmay_the_grid_medium_cups,
          minmay_the_grid_small_cups, minmay_the_grid_minigrid_medium,
          minmay_the_grid_prize_shrinking_boxes], layout_basic,
          grunt_dithmenos_smoke_and_mirrors, uniq_urug
D:13:     layout_stronghold, portal_ice_cave_entry_pillars_1
D:14:     layout_loops_ring, hangedman_vaults_entry_quadrant_bands,
          serial_shops, shop, kennysheep_pointless_box
D:15:     hangedman_depths_entry_try_elsewhere_first, layout_irregular_city,
          ebering_dispersal_statue_hall, serial_shops, shop_statue,
          uniq_jorgrun, uniq_agnes
Lair:1:   layout_cellular_growth, st_stairs_9, beast_lair_carwin_3,
          uniq_nergalle
Lair:2:   layout_chaotic_city, chequers_serial_rivers_micro_b
Lair:3:   layout_regular_city, minmay_shoals_entry_centaurs,
          infiniplex_staircase_pool
Lair:4:   layout_cave_pods, minmay_snake_entry_six_corridors,
          chequers_serial_rivers_large_b, serial_bayou_shore_b
Lair:5:   layout_regular_city, minmay_slime_entry_jelly_boxes, uniq_nessos,
          uniq_kirke
Lair:6:   guppyfry_lair_end_dragon, layout_small_grid,
          hangedman_lair_caniforms_friends, uniq_snorg
Snake:1:  layout_rooms, grunt_ministairs_6, serial_bayou_shore_a,
          grunt_megastairs_2
Orc:1:    gammafunk_beogh_shrine, layout_caves, ebering_ghost_inner_flame,
          basic_altar, uniq_maurice
Orc:2:    st_orc_rangers, layout_caves, serial_shops, nicolae_shop_stone

Skill      XL: |  1  2  3  4  5  6  7  8  9 10 11 12 13 14 15 |
---------------+----------------------------------------------+-----
Axes           | 3 4 5 6 7 9 10 14 18 | 18.7
Invocations    | 5 8 9 12 13 | 13.4
Fighting       | 5 7 10 14 16 | 16.3
Armour         | 5 7 8 12 14 15 | 15.1
Throwing       | 3 |  3.0
Evocations     | 2 |  2.6
Crossbows      | 9 10 14 | 14.7
Shields        | |  3.6

Action                   |  1- 3 |  4- 6 |  7- 9 | 10-12 | 13-15 | 16-18 || total
-------------------------+-------+-------+-------+-------+-------+-------++-------
Melee: War axe           |    95 |   141 |   239 |   123 |   245 |       ||   843
       Headbutt          |     7 |    25 |    42 |    25 |    66 |     4 ||   169
       Battleaxe         |       |       |       |       |    27 |    19 ||    46
 Fire: Hand crossbow     |       |       |       |   405 |       |       ||   405
       Arbalest          |       |       |       |   105 |   892 |    37 ||  1034
Throw: Boomerang         |       |       |     6 |     3 |    25 |       ||    34
       Stone             |       |       |     4 |       |       |       ||     4
Invok: Banish            |       |       |     2 |    12 |    10 |       ||    24
       Corrupt           |       |       |     1 |       |     2 |       ||     3
Evoke: Wand              |       |       |       |    12 |    21 |       ||    33
       Phantom mirror    |       |       |       |       |     2 |     1 ||     3
       Box of beasts     |       |       |       |       |     1 |     1 ||     2
  Use: Potion            |     3 |     3 |       |       |    21 |     2 ||    29
       Scroll            |       |     3 |     3 |    18 |    12 |     5 ||    41
 Stab: Distracted        |       |     1 |       |       |     1 |       ||     2
       Invisible         |       |       |       |       |     1 |       ||     1
Armor: Scale mail        |    67 |    16 |       |       |       |       ||    83
       Chain mail        |       |    55 |   186 |   252 |   539 |    11 ||  1043
Dodge: Dodged            |    48 |    33 |   174 |   127 |   353 |    14 ||   749
Block: Kite shield       |    61 |    61 |   214 |   205 |       |       ||   541

Table legend: (Time is in decaauts)
 A = Elapsed time spent in this place.
 B = Non-inter-level travel time spent in this place.
 C = Inter-level travel time spent in this place.
 D = Time resting spent in this place.
 E = Time spent auto-exploring this place.
 F = Levels seen in this place.
 G = Mean time per level.
                   A        B        C        D        E       F      G
               +--------+--------+--------+--------+--------+-----+--------+
         Total |  45926 |  44508 |   1418 |  19938 |  17730 |  26 | 1766.4 |
       Dungeon |  23984 |  23148 |    836 |   9506 |  10422 |  15 | 1598.9 |
          Lair |  15264 |  14787 |    477 |   6575 |   5901 |   6 | 2544.0 |
     Snake Pit |    733 |    733 |      0 |    437 |    172 |   1 |  733.0 |
  Orcish Mines |   4066 |   3962 |    104 |   2733 |    718 |   2 | 2033.0 |
        Bailey |    683 |    683 |      0 |    232 |    126 |   1 |  683.0 |
      Ice Cave |   1194 |   1194 |      0 |    454 |    390 |   1 | 1194.0 |
               +--------+--------+--------+--------+--------+-----+--------+

Top non-repeatable levels by time:
  Lair:6: 3806 daAuts
  Lair:1: 2957 daAuts
    D:11: 2886 daAuts
    D:14: 2803 daAuts
   Orc:1: 2767 daAuts
     D:9: 2697 daAuts
  Lair:5: 2645 daAuts
     D:2: 2259 daAuts
  Lair:4: 2255 daAuts
  Lair:2: 1889 daAuts
     D:6: 1735 daAuts
  Lair:3: 1709 daAuts
    D:12: 1679 daAuts
    D:10: 1635 daAuts
    D:15: 1357 daAuts
